 Dungeon Crawl Stone Soup version 0.27-a0-965-gbf8bb431c4 (webtiles) character file.

Game seed: 15817753013027380507

234918 Megustar the Pyromancer (level 18, -1/94 HPs)
             Began as a Deep Elf Fire Elementalist on Apr 12, 2021.
             Was the Champion of Vehumet.
             Shot with a bolt by a naga sharpshooter (18 damage)
             ... led by Vashnia
             ... on level 2 of the Snake Pit.
             The game lasted 01:37:00 (40428 turns).

Megustar the Pyromancer (DEFE)                     Turns: 40428, Time: 01:37:01

Health: -1/94      AC: 15    Str:  5    XL:     18   Next: 89%
Magic:  33/63      EV: 21    Int: 34    God:    Vehumet [******]
Gold:   3115       SH:  5    Dex: 15    Spells: 11/58 levels left

rFire    + . .     SeeInvis .   N - +1 lajatang "Waguubok" {venom, rElec rF+ MP+9}
rCold    . . .     Faith    .   (shield currently unavailable)
rNeg     . . .     Spirit   .   M - +2 troll leather armour
rPois    +         Reflect  +   L - +3 hat of Pondering {ponderous, Will+ MP+10 Int+5}
rElec    +         Harm     .   t - scarf {repulsion}
rCorr    .         Rampage  .   R - +2 pair of gloves {Stlth+}
Will     ++...                  l - +1 pair of boots {Fly}
Stlth    +++.......             f - amulet of reflection
HPRegen  1.25/turn              Q - ring of poison resistance
MPRegen  0.38/turn              T - +4 ring of evasion

@: flying, repel missiles, slow
A: no striking features
}: 1/15 runes: decaying
a: Renounce Religion


You were on level 2 of the Snake Pit.
You worshipped Vehumet.
Vehumet was exalted by your worship.
You visited 7 branches of the dungeon, and saw 33 of its levels.
You also visited: Volcano.

You collected 5440 gold pieces.
You spent 2325 gold pieces at shops.

Inventory:

Hand Weapons
 j - a +5 trident of venom
 F - the +1 broad axe of the Hidden Vale {vorpal, rC+}
   (You took it off a deep elf death mage on level 3 of the Elven Halls)

   It inflicts extra damage upon your enemies.
   It protects you from cold.
 N - the +1 lajatang "Waguubok" (weapon) {venom, rElec rF+ MP+9}
   (You took it off a deep elf pyromancer on level 3 of the Elven Halls)

   It poisons the flesh of those it strikes.
   It protects you from fire.
   It insulates you from electricity.
   It affects your magic capacity (+9).
 Z - the +9 war axe of Qaatu {drain, *Rage rCorr Int+10 Dex-5}
   (You found it on level 3 of the Lair of Beasts)

   A truly terrible weapon, it drains the life of those it strikes.
   It affects your intelligence (+10).
   It affects your dexterity (-5).
   It may make you go berserk in combat.
   It protects you from acid and corrosion.
Armour
 g - a +1 robe of fire resistance
 l - a +1 pair of boots of flying (worn)
 t - a scarf of repulsion (worn)
 L - the +3 hat of Pondering (worn) {ponderous, Will+ MP+10 Int+5}
   (You bought it in a shop on level 11 of the Dungeon)

   It affects your intelligence (+5).
   It affects your magic capacity (+10).
   It increases your willpower.
 M - a +2 troll leather armour (worn)
 R - a +2 pair of gloves of stealth (worn)
Magical Staves
 O - a staff of air
Jewellery
 a - a ring of resist corrosion
 d - a ring of wizardry
 f - an amulet of reflection (around neck)
 v - a +6 ring of strength
 z - the ring of the Mage {Wiz Will++ Int+3}
   (You took it off a deep elf sorcerer on level 3 of the Elven Halls)

   [ring of wizardry]

   It improves your spell success rate.
   It affects your intelligence (+3).
   It greatly increases your willpower.
 Q - a ring of poison resistance (left hand)
 S - a ring of magical power
 T - a +4 ring of evasion (right hand)
Wands
 m - a wand of iceblast (17)
 G - a wand of paralysis (24)
 J - a wand of flame (24)
 K - a wand of digging (14)
 Y - a wand of acid (1)
Scrolls
 c - 9 scrolls of teleportation
 i - 2 scrolls of holy word
 p - 3 scrolls of amnesia
 x - 7 scrolls of fear
 y - 7 scrolls of magic mapping
 A - 5 scrolls of immolation
 E - 5 scrolls of identify
 I - a scroll of summoning
 U - a scroll of silence
 W - 2 scrolls of blinking
Potions
 e - 5 potions of resistance
 k - 6 potions of curing
 n - 3 potions of lignification
 o - 4 potions of haste
 q - 3 potions of magic
 r - 6 potions of might
 s - 7 potions of ambrosia
 u - 7 potions of cancellation
 w - a potion of berserk rage
 B - 6 potions of heal wounds
 C - 5 potions of invisibility
 D - 3 potions of brilliance
 H - 6 potions of flight
 P - 4 potions of mutation
Miscellaneous
 b - a lightning rod (4/4)
 h - a box of beasts
 V - a lightning rod (4/4)
 X - a phial of floods


   Skills:
 - Level 4.0 Fighting
 - Level 4.0 Armour
 - Level 12.0 Dodging
 - Level 3.0 Stealth
 + Level 20.8 Spellcasting
 + Level 17.7 Conjurations
 - Level 6.0 Necromancy
 + Level 21.0 Fire Magic
 - Level 8.1 Evocations


You had 11 spell levels left.
You knew the following spells:

 Your Spells              Type           Power      Damage    Failure   Level
a - Foxfire               Conj/Fire      100%       2x1d9     0%          1
b - Conjure Flame         Conj/Fire      100%       6-21      0%          3
c - Sticky Flame          Conj/Fire      100%       2d11      0%          4
d - Fireball              Conj/Fire      53%        3d21      0%          5
e - Shock                 Conj/Air       100%       1d9       1%          1
f - Searing Ray           Conj           100%       3d7       0%          2
g - Mephitic Cloud        Conj/Pois/Air  66%        N/A       1%          3
h - Bolt of Magma         Conj/Fire/Erth 44%        4d18      1%          5
i - Orb of Destruction    Conj           51%        9d16      1%          7
j - Iskenderun's Battles  Conj           100%       2d15      1%          5
k - Magic Dart            Conj           100%       1d8       0%          1
l - Blink                 Tloc           N/A        N/A       1%          2
m - Starburst             Conj/Fire      53%        8x6d14    1%          6
n - Sublimation of Blood  Necr           33%        N/A       1%          2

Your spell library contained the following spells:

 Spells                   Type           Power      Damage    Failure   Level
 Lehudib's Crystal Spear  Conj/Erth      38%        10d10     50%         8
 Animate Skeleton         Necr           100%       N/A       1%          1
 Apportation              Tloc           70%        N/A       1%          1
 Corona                   Hex            38%        N/A       1%          1
 Sting                    Tmut/Pois      100%       1d8       1%          1
 Summon Small Mammal      Summ           100%       N/A       1%          1
 Call Imp                 Summ           35%        N/A       1%          2
 Corpse Rot               Necr/Air       N/A        N/A       1%          2
 Ensorcelled Hibernation  Hex/Ice        70%        N/A       1%          2
 Poisonous Vapours        Pois/Air       70%        N/A       1%          2
 Slow                     Hex            35%        N/A       1%          2
 Swiftness                Air            35%        N/A       1%          2
 Wereblood                Tmut           35%        N/A       1%          2
 Dazzling Flash           Conj/Hex       100%       N/A       1%          3
 Ignite Poison            Fire/Tmut/Pois 70%        N/A       1%          3
 Inner Flame              Hex/Fire       82%        N/A       1%          3
 Static Discharge         Conj/Air       77%        N/A       1%          3
 Dispel Undead            Necr           66%        3d23      1%          4
 Conjure Ball Lightning   Conj/Air       38%        3x3d12    1%          6
 Iron Shot                Conj/Erth      38%        9d8       1%          6
 Agony                    Necr           66%        N/A       3%          5
 Excruciating Wounds      Necr           33%        N/A       3%          5
 Call Canine Familiar     Summ           35%        N/A       4%          3
 Confusing Touch          Hex            35%        N/A       4%          3
 Lesser Beckoning         Tloc           17%        N/A       4%          3
 Ozocubu's Armour         Ice            35%        N/A       4%          3
 Summon Guardian Golem    Hex/Summ       35%        N/A       4%          3
 Tukima's Dance           Hex            35%        N/A       4%          3
 Airstrike                Air            17%        N/A       4%          4
 Olgreb's Toxic Radiance  Pois           35%        N/A       4%          4
 Freezing Cloud           Conj/Ice/Air   33%        6-21      5%          6
 Spellforged Servitor     Conj/Summ      38%        N/A       9%          7
 Summon Ice Beast         Ice/Summ       35%        N/A       14%         4
 Summon Lightning Spire   Summ/Air       35%        N/A       14%         4
 Alistair's Intoxication  Tmut/Pois      23%        N/A       36%         5
 Manifold Assault         Tloc           35%        N/A       36%         5
 Silence                  Hex/Air        17%        N/A       36%         5
 Summon Forest            Summ/Tloc      17%        N/A       36%         5
 Simulacrum               Ice/Necr       27%        N/A       52%         6
 Invisibility             Hex            35%        N/A       91%         6
 Statue Form              Tmut/Erth      23%        N/A       91%         6
 Tornado                  Air            17%        N/A       100%        9


Dungeon Overview and Level Annotations

Branches:
Dungeon (15/15)            Temple (1/1) D:5            Lair (6/6) D:8
  Swamp (4/4) Lair:3        Snake (2/4) Lair:2        Slime (0/5) Lair:5
    Orc (2/2) D:10            Elf (3/3) Orc:2        Vaults (0/5) D:14
 Depths (0/5) D:15        Volcano (visited)

Altars:
Ashenzari
Cheibriados
Dithmenos
Elyvilon
Fedhas
Gozag
Hepliaklqana
Kikubaaqudgha
Makhleb
Nemelex Xobeh
Okawaru
Qazlal
Ru
Sif Muna
Trog
Uskayaw
Vehumet
Wu Jian
Xom
Yredelemnul
Zin
The Shining One
Beogh
Jiyva

Shops:
D:1 [   Orc:2 !**?:[   Elf:3 *

Annotations:
D:9 3 runed translucent doors, Gonzollydolly's ghost, novice HOWr
D:12 3 runed translucent doors, Anon1729's ghost, journeyman DjEE
Swamp:4 Avack's ghost, adept MiFi
Snake:2 Vashnia
Orc:2 3 runed translucent doors, WasteTime5's ghost, adept HOFi


Message History

It is covered in frost.
The naga sharpshooter shoots a bolt.
The bolt hits you!! The bolt freezes you.
* * * LOW HITPOINT WARNING * * *
Casting: Fireball (safe; 0% risk of failure)
Confirm with . or Enter, or press ? or * to list all spells.
Aiming: Fireball (safe; 0% risk of failure)
Press: ? - help, Shift-Dir - straight line The fireball explodes!
The fireball engulfs the naga sharpshooter!!
The naga sharpshooter is moderately wounded.
The fireball engulfs the naga sharpshooter!!
The naga sharpshooter is heavily wounded.
The fireball engulfs the naga sharpshooter but does no damage.
The fireball engulfs the naga sharpshooter!!
The naga sharpshooter is moderately wounded.
The naga mage casts a spell at the naga sharpshooter.
The naga sharpshooter seems to grow toxic.
The naga sharpshooter shoots a bolt.
The bolt closely misses you.
The naga sharpshooter unwields a +0 war axe.
The naga sharpshooter wields a +0 shortbow.
The naga sharpshooter shoots an arrow.
The arrow hits you!
* * * LOW HITPOINT WARNING * * *
Casting: Fireball (safe; 0% risk of failure)
Confirm with . or Enter, or press ? or * to list all spells.
Aiming: Fireball (safe; 0% risk of failure)
Press: ? - help, Shift-Dir - straight line, f - naga sharpshooter
Aim: a naga sharpshooter, wielding a +0 longbow and quivering arrows (heavily wounded, concentrated venom)
The fireball explodes!
The fireball engulfs the naga mage!!!
You kill the naga mage!
Vehumet accepts your kill.
The fireball engulfs the naga sharpshooter!!!
The naga sharpshooter is almost dead.
The fireball engulfs the naga sharpshooter!!
You kill the naga sharpshooter!
Vehumet accepts your kill.
You feel your power returning.
The naga sharpshooter gestures wildly while chanting.
The naga sharpshooter magically shoots a bolt.
The bolt hits you!!
You die...

######## ##########
.......########........#
........................
........................
........................
.<......................
................@.......
........................
........................
#.......##########.)....
#!......# ##)).N
#.......# N).) #........


.NN .. You could see 3 naga sharpshooters and a salamander.

Vanquished Creatures
  Rupert (D:15)
  2 deep elf master archers (Elf:3)
  3 deep elf blademasters
  4 thorn hunters (Swamp:4)
  4 deep elf sorcerers (Elf:3)
  A fenstrider witch (Swamp:2)
  An orc warlord (Orc:1)
  5 deep elf elementalists (Elf:3)
  2 vampire knights
  6 bunyips
  5 deep elf annihilators (Elf:3)
  2 deep elf demonologists (Elf:3)
  9 deep elf death magi (Elf:3)
  Snorg (D:13)
  3 eleionomae
  Josephine (Lair:5)
  A deep elf high priest (Elf:3)
  A shambling mangrove (Swamp:4)
  14 hydras
  Erolcha (D:13)
  A boulder beetle (shapeshifter) (D:15)
  A naga warrior (Snake:1)
  4 boulder beetles
  2 ghost crabs (Swamp:4)
  2 vault guards (D:14)
  A merfolk avatar (Lair:6)
  A catoblepas (Lair:6)
  A death knight (D:14)
  5 centaur warriors
  26 dancing weapons
  12 alligators
  3 two-headed ogres
  3 tengu warriors
  10 death yaks (Lair:6)
  4 naga sharpshooters
  An orc high priest (Elf:2)
  Sonja (Orc:1)
  Nergalle (D:12)
  7 spriggans
  A fire crab (shapeshifter) (Elf:1)
  A shock serpent (Snake:1)
  17 deep elf knights
  3 salamander mystics (Snake:1)
  A fire crab (Lair:6)
  4 goliath frogs
  A sea snake (Lair:6)
  7 spriggan druids
  4 bog bodies
  7 deep elf archers
  2 naga ritualists (Snake:1)
  A necromancer (D:15)
  A phantasmal warrior (Swamp:4)
  6 swamp dragons (Swamp:4)
  4 spectral hydras (Swamp:4)
  4 orc knights
  30 deep elf pyromancers
  29 deep elf zephyrmancers
  7 wizards
  4 manticores
  11 ugly things
  A mana viper (Snake:1)
  5 orc sorcerers
  4 salamanders (Snake:1)
  3 oklob plants (Swamp:4)
  A wolf spider (D:15)
  Maurice (D:8)
  4 will-o-the-wisps
  6 black mambas
  15 elephants
  5 toenail golems (Volcano)
  3 naga magi
  9 cane toads
  2 centaur skeletons (D:15)
  An unseen horror (D:13)
  A gargoyle (D:12)
  12 rime drakes
  A freezing wraith (D:9)
  2 kobold demonologists
  10 komodo dragons
  5 hydra zombies (Swamp:4)
  A merfolk (D:13)
  A queen bee (D:15)
  6 trolls
  7 polar bears
  A death drake zombie (Swamp:4)
  3 meliai (D:15)
  5 bloated husks
  2 wind drakes (Lair:6)
  8 tyrant leeches
  9 hornets
  A hydra skeleton (Swamp:4)
  2 death drake skeletons (Swamp:4)
  Prince Ribbit (D:6)
  16 blink frogs
  3 slime creatures (D:12)
  A shadow (D:11)
  4 air elementals
  3 centaur simulacra (D:10)
  3 water elementals
  A wyvern (shapeshifter) (D:15)
  15 yaks
  A yak (shapeshifter) (D:15)
  4 wraiths
  5 wyverns
  A basilisk (Lair:4)
  4 fire elementals
  22 humans (D:14)
  5 steam dragons
  13 vampire mosquitoes
  A redback simulacrum (D:15)
  5 wargs
  2 hydra simulacra (Swamp:4)
  17 swamp worms
  7 nagas
  3 acid dragons
  13 water moccasins
  39 orc warriors
  7 swamp drakes
  A black bear (D:6)
  5 ice beasts (D:10)
  A necrophage (D:13)
  A swamp dragon zombie (Swamp:4)
  3 sky beasts
  3 wolves (D:10)
  4 ogres
  23 centaurs
  2 phantoms
  4 kobold brigands
  17 bullfrogs
  2 gnoll sergeants
  5 earth elementals
  2 wyvern zombies
  2 scorpions (D:6)
  A water moccasin skeleton (D:6)
  31 killer bees
  7 wights
  6 howler monkeys
  3 electric eels
  4 centaur zombies
  3 jellies
  19 orc priests
  A bullfrog skeleton (D:6)
  A gnoll shaman (D:5)
  5 iguanas
  20 orc wizards
  4 hell rats (Lair:3)
  A killer bee zombie (D:2)
  A hound skeleton (D:4)
  A howler monkey skeleton (D:5)
  16 gnolls
  10 adders
  7 white imps
  An ufetubus (D:6)
  An adder zombie (D:5)
  2 dart slugs
  98 orcs
  7 endoplasms
  9 goblins
  11 hobgoblins
  9 jackals
  4 quokkas
  6 ball pythons
  4 bats
  A frilled lizard (D:2)
  14 kobolds
  4 rats
  8 briar patches (Swamp:4)
  A bush (Lair:4)
1027 creatures vanquished.

Vanquished Creatures (collateral kills)
  13 foxfires
13 creatures vanquished.

Vanquished Creatures (others)
  An alligator (Swamp:2)
  A bog body (Swamp:3)
  A bush (Lair:6)
  1487 foxfires
  35 fungi
  101 plants
1626 creatures vanquished.

Grand Total: 2666 creatures vanquished

Notes
Turn   | Place    | Note
-------+----------+-------------------------------------------
     0 | D:1      | Megustar the Deep Elf Fire Elementalist began the quest for
                  | the Orb.
     0 | D:1      | Reached XP level 1. HP: 10/10 MP: 6/6
   323 | D:1      | Reached XP level 2. HP: 15/15 MP: 4/8
   553 | D:1      | Found a faded altar of an unknown god.
   750 | D:1      | Identified the Incunabulum of Congealing Transmigration
   944 | D:1      | Found Pushimme's Antique Armour Shop.
  1171 | D:2      | Reached skill level 4 in Fire Magic
  1171 | D:2      | Reached XP level 3. HP: 19/19 MP: 6/10
  1179 | D:2      | Learned a level 3 spell: Conjure Flame
  1391 | D:2      | Reached XP level 4. HP: 24/24 MP: 6/11
  1396 | D:2      | Learned a level 4 spell: Sticky Flame
  2757 | D:3      | Reached skill level 5 in Fire Magic
  2840 | D:3      | Reached XP level 5. HP: 27/28 MP: 3/13
  3238 | D:3      | Learned a level 5 spell: Fireball
  3532 | D:4      | Noticed an ogre
  3547 | D:4      | Reached XP level 6. HP: 32/32 MP: 5/15
  3548 | D:4      | Reached skill level 5 in Spellcasting
  3548 | D:4      | Reached skill level 6 in Fire Magic
  3729 | D:4      | Found an opulent altar of Gozag.
  3772 | D:4      | Found an ornate altar of the Wu Jian Council.
  4262 | D:5      | Entered Level 5 of the Dungeon
  4446 | D:5      | Found a staircase to the Ecumenical Temple.
  4451 | Temple   | Entered the Ecumenical Temple
  4631 | D:5      | Found a hazy altar of Hepliaklqana.
  4765 | D:5      | Reached XP level 7. HP: 36/36 MP: 8/17
  5037 | D:5      | Reached skill level 7 in Fire Magic
  5997 | D:6      | Reached skill level 5 in Conjurations
  6024 | D:6      | Reached skill level 8 in Fire Magic
  6024 | D:6      | Reached XP level 8. HP: 38/41 MP: 16/20
  6591 | D:6      | Reached skill level 9 in Fire Magic
  6591 | D:6      | Reached skill level 1 in Evocations
  6876 | D:6      | Noticed Prince Ribbit
  6882 | D:6      | Killed Prince Ribbit
  6883 | D:6      | Reached skill level 1 in Fighting
  7192 | D:7      | Reached XP level 9. HP: 39/47 MP: 11/22
  7539 | D:7      | Found a radiant altar of Vehumet.
  7583 | D:7      | Became a worshipper of Vehumet
  7686 | D:7      | Found an iron altar of Okawaru.
  7838 | D:7      | HP: 2/48 [poisoned by a water moccasin]
  8462 | D:7      | Found a shimmering altar of Xom.
  8463 | D:7      | Found a glowing silver altar of Zin.
  8464 | D:7      | Found a bloodstained altar of Trog.
  8465 | D:7      | Found a snail-covered altar of Cheibriados.
  8549 | D:7      | Found a blossoming altar of Fedhas.
  8552 | D:7      | Found a sparkling altar of Nemelex Xobeh.
  8969 | D:8      | Reached skill level 10 in Fire Magic
  8976 | D:8      | Reached * piety under Vehumet
  8976 | D:8      | Offered knowledge of Shock by Vehumet.
  8982 | D:8      | Learned a level 1 spell: Shock
  9115 | D:8      | Found a staircase to the Lair.
  9269 | D:8      | Reached skill level 5 in Dodging
  9274 | D:8      | Noticed a two-headed ogre
  9277 | D:8      | Noticed a five-headed hydra
  9528 | D:8      | Killed a two-headed ogre
  9529 | D:8      | Reached XP level 10. HP: 38/53 MP: 5/25
  9862 | D:8      | Noticed Maurice
  9865 | D:8      | Killed Maurice
  9866 | D:8      | Reached skill level 11 in Fire Magic
 10320 | D:8      | Killed a five-headed hydra
 11080 | D:9      | Found a runed translucent gate.
 11082 | D:9      | Found a runed translucent gate.
 11082 | D:9      | Noticed a ten-headed hydra
 11082 | D:9      | Noticed Gonzollydolly's ghost (novice HOWr)
 11083 | D:9      | Found a runed translucent gate.
 11147 | D:9      | Reached skill level 10 in Spellcasting
 11416 | D:9      | Noticed a two-headed ogre
 11468 | D:9      | Killed a two-headed ogre
 11469 | D:9      | Reached skill level 12 in Fire Magic
 11614 | D:9      | Offered knowledge of Sandblast by Vehumet.
 11615 | D:9      | Reached ** piety under Vehumet
 11722 | D:9      | Noticed a centaur warrior
 11726 | D:9      | Killed a centaur warrior
 11727 | D:9      | Reached XP level 11. HP: 57/57 MP: 6/27
 12396 | D:10     | Entered Level 10 of the Dungeon
 12738 | D:10     | Offered knowledge of Searing Ray by Vehumet.
 12750 | D:10     | Learned a level 2 spell: Searing Ray
 12859 | D:10     | Found a broken altar of Ashenzari.
 12871 | D:10     | Noticed a tengu warrior
 12871 | D:10     | Noticed a tengu warrior
 12890 | D:10     | Killed a tengu warrior
 12916 | D:10     | Killed a tengu warrior
 13274 | D:10     | Reached *** piety under Vehumet
 13275 | D:10     | Reached skill level 13 in Fire Magic
 13342 | D:10     | Found an ancient bone altar of Kikubaaqudgha.
 14024 | D:10     | Found a staircase to the Orcish Mines.
 14029 | D:10     | Offered knowledge of Airstrike by Vehumet.
 14438 | D:11     | Noticed a two-headed ogre
 14441 | D:11     | Killed a two-headed ogre
 14557 | D:11     | Noticed a boulder beetle
 14558 | D:11     | Noticed a cyan ugly thing
 14563 | D:11     | Killed a cyan ugly thing
 14922 | D:11     | Found Cheibriados's Comfort Zone.
 14922 | D:11     | Found a snail-covered altar of Cheibriados.
 14929 | D:11     | Bought the +3 hat of Pondering {ponderous, Will+ MP+10
                  | Int+5} for 533 gold pieces
 14929 | D:11     | Found the +3 hat of Pondering {ponderous, Will+ MP+10
                  | Int+5}
 15311 | D:11     | Reached XP level 12. HP: 62/62 MP: 26/29
 15313 | D:11     | Noticed a centaur warrior
 15317 | D:11     | Killed a centaur warrior
 15318 | D:11     | Reached skill level 10 in Conjurations
 15530 | D:11     | Identified the +4 lajatang of the Enchanted Forest {vorpal,
                  | Fly Dex+4}
 15791 | D:12     | Noticed Nergalle
 15796 | D:12     | Killed Nergalle
 15796 | D:12     | Reached **** piety under Vehumet
 15797 | D:12     | Reached skill level 14 in Fire Magic
 15904 | D:12     | Reached skill level 1 in Armour
 16090 | D:12     | Found a runed translucent gate.
 16092 | D:12     | Found a runed translucent gate.
 16093 | D:12     | Found a runed translucent gate.
 16096 | D:12     | Noticed Anon1729's ghost (journeyman DjEE)
 16104 | D:12     | Found a viscous altar of Jiyva.
 16222 | D:12     | Offered knowledge of Mephitic Cloud by Vehumet.
 16227 | D:12     | Learned a level 3 spell: Mephitic Cloud
 16484 | D:12     | Found a snail-covered altar of Cheibriados.
 16920 | D:13     | Noticed a centaur warrior
 16923 | D:13     | Killed a centaur warrior
 16940 | D:13     | Noticed Snorg
 16984 | D:13     | Killed Snorg
 16988 | D:13     | Noticed a centaur warrior
 16995 | D:13     | Killed a centaur warrior
 17195 | D:13     | Noticed a centaur warrior
 17198 | D:13     | Killed a centaur warrior
 17249 | D:13     | Reached skill level 15 in Fire Magic
 17256 | D:13     | Noticed Erolcha
 17301 | D:13     | Killed Erolcha
 17582 | D:13     | Found an opulent altar of Gozag.
 18042 | D:14     | Reached XP level 13. HP: 66/66 MP: 31/32
 18401 | D:14     | Reached ***** piety under Vehumet
 18423 | D:14     | Offered knowledge of Olgreb's Toxic Radiance by Vehumet.
 18965 | D:14     | Found a gate to the Vaults.
 19574 | D:15     | Entered Level 15 of the Dungeon
 19574 | D:15     | Noticed Rupert
 19688 | D:15     | Reached skill level 5 in Evocations
 19845 | D:15     | Found a stormy altar of Qazlal.
 19874 | D:15     | Reached skill level 16 in Fire Magic
 20324 | D:15     | Found a staircase to the Depths.
 20621 | D:15     | Killed Rupert
 20622 | D:15     | Reached XP level 14. HP: 72/72 MP: 7/34
 20937 | D:15     | Found a shimmering altar of Xom.
 20937 | D:15     | Found a shimmering altar of Xom.
 20938 | D:15     | Found a shimmering altar of Xom.
 20938 | D:15     | Found a shimmering altar of Xom.
 20949 | D:15     | Found a shimmering altar of Xom.
 20953 | D:15     | Found a shimmering altar of Xom.
 20956 | D:15     | Found a shimmering altar of Xom.
 20959 | D:15     | Found a shimmering altar of Xom.
 21296 | Orc:1    | Entered Level 1 of the Orcish Mines
 21430 | Orc:1    | Found a dark tunnel.
 21440 | Volcano  | Entered a volcano
 21595 | Volcano  | Offered knowledge of Bolt of Magma by Vehumet.
 21606 | Volcano  | Learned a level 5 spell: Bolt of Magma
 21847 | Volcano  | Found the +3 pair of seven-league boots {Rampage+∞}
 21975 | Orc:1    | Noticed Sonja
 21979 | Orc:1    | Killed Sonja
 22296 | Orc:2    | Entered Level 2 of the Orcish Mines
 22296 | Orc:2    | Found Aufuaq's Alliterative Accessories.
 22371 | Orc:1    | Noticed an orc warlord
 22527 | Orc:2    | Reached skill level 10 in Dodging
 22695 | Orc:2    | Found Bybeixku's Distillery.
 22703 | Orc:2    | Bought a potion of flight for 48 gold pieces
 22703 | Orc:2    | Bought a potion of invisibility for 128 gold pieces
 22703 | Orc:2    | Bought a potion of attraction for 48 gold pieces
 22703 | Orc:2    | Bought a potion of resistance for 160 gold pieces
 22834 | Orc:2    | Reached skill level 17 in Fire Magic
 23249 | Orc:2    | Found Niocuemi's Book Shoppe.
 23249 | Orc:2    | Found Caojirr's Magic Scroll Shop.
 23249 | Orc:2    | Found Yzyd's General Store.
 23293 | Orc:2    | Found Fycvuj's Antique Armour Emporium.
 23313 | Orc:2    | Bought 3 scrolls of magic mapping for 126 gold pieces
 23313 | Orc:2    | Bought a scroll of identify for 24 gold pieces
 23313 | Orc:2    | Bought a scroll of teleportation for 36 gold pieces
 23313 | Orc:2    | Bought a scroll of teleportation for 36 gold pieces
 23313 | Orc:2    | Bought a scroll of identify for 24 gold pieces
 23313 | Orc:2    | Bought a scroll of identify for 24 gold pieces
 23313 | Orc:2    | Bought a scroll of fear for 42 gold pieces
 23313 | Orc:2    | Bought a scroll of fear for 42 gold pieces
 23317 | Orc:2    | Bought a book of Power for 630 gold pieces
 23390 | Orc:2    | Found a staircase to the Elven Halls.
 23686 | Orc:2    | Noticed WasteTime5's ghost (adept HOFi)
 23701 | Orc:2    | Found a runed translucent gate.
 23705 | Orc:2    | Found a runed translucent gate.
 23744 | Orc:2    | Found a runed translucent gate.
 24264 | Orc:1    | Killed an orc warlord
 24265 | Orc:1    | Reached skill level 15 in Spellcasting
 24541 | Orc:1    | Learned a level 7 spell: Orb of Destruction
 24547 | Orc:1    | Learned a level 5 spell: Iskenderun's Battlesphere
 24549 | Orc:1    | Learned a level 1 spell: Magic Dart
 24552 | Orc:1    | Learned a level 2 spell: Blink
 24689 | Lair:1   | Entered Level 1 of the Lair of Beasts
 25808 | Lair:2   | Found a staircase to the Snake Pit.
 26262 | Lair:3   | Found a sparkling altar of Nemelex Xobeh.
 26274 | Lair:3   | Offered knowledge of Lee's Rapid Deconstruction by Vehumet.
 26280 | Lair:3   | Found a staircase to the Swamp.
 26324 | Lair:3   | Identified the +9 war axe of Qaatu {drain, *Rage rCorr
                  | Int+10 Dex-5}
 27426 | Lair:4   | Reached XP level 15. HP: 78/78 MP: 23/36
 28890 | Lair:5   | Offered knowledge of Starburst by Vehumet.
 29188 | Lair:5   | Noticed Josephine
 29192 | Lair:5   | Killed Josephine
 29325 | Lair:5   | Learned a level 6 spell: Starburst
 29617 | Lair:5   | Found a staircase to the Slime Pits.
 29882 | Lair:6   | Entered Level 6 of the Lair of Beasts
 30668 | Lair:6   | Reached skill level 18 in Fire Magic
 31457 | Lair:6   | Identified the +5 flail of the Aged Lives {freeze, *Corrode
                  | rPois Will++ Dex+3}
 31462 | Lair:6   | Identified the +4 hunting sling of Infinite Pain {vorpal,
                  | rC+ Int+3 Dex-4}
 32257 | Elf:1    | Entered Level 1 of the Elven Halls
 32829 | Elf:1    | Reached XP level 16. HP: 84/84 MP: 38/38
 32997 | Elf:1    | Identified a scroll of acquirement
 33010 | Elf:1    | Offered knowledge of Yara's Violent Unravelling by Vehumet.
 33891 | Elf:1    | Found a shimmering altar of Xom.
 34120 | Elf:2    | Found a huge runed translucent gate.
 34122 | Elf:2    | Found a huge runed translucent gate.
 34128 | Elf:2    | Found a huge runed translucent gate.
 34129 | Elf:2    | Found a huge runed translucent gate.
 34129 | Elf:2    | Found a huge runed translucent gate.
 34612 | Elf:2    | Noticed a deep elf blademaster
 34615 | Elf:2    | Killed a deep elf blademaster
 34869 | Elf:2    | Reached skill level 19 in Fire Magic
 35152 | Elf:2    | Reached skill level 15 in Conjurations
 35500 | Elf:3    | Entered Level 3 of the Elven Halls
 36085 | Elf:3    | Found Puamup's General Store.
 36092 | Elf:3    | Bought a scroll of teleportation for 48 gold pieces
 36092 | Elf:3    | Bought a scroll of identify for 32 gold pieces
 36092 | Elf:3    | Bought a +2 pair of gloves of stealth for 344 gold pieces
 36151 | Elf:3    | Identified the +2 trident "Sastrool" {drain, Str+4}
 36151 | Elf:3    | Noticed a deep elf blademaster
 36163 | Elf:3    | Killed a deep elf blademaster
 36163 | Elf:3    | Reached ****** piety under Vehumet
 36230 | Elf:3    | Offered knowledge of Irradiate by Vehumet.
 36241 | Elf:3    | Identified the +1 broad axe of the Hidden Vale {vorpal,
                  | rC+}
 36242 | Elf:3    | Reached XP level 17. HP: 49/88 MP: 17/41
 36255 | Elf:3    | Identified the +3 whip "Get Cyrris" {drain, Drain Dex+7}
 36356 | Elf:3    | Identified the +5 scale mail of the Will of the Gods {-Cast
                  | rF++ Str+3}
 36356 | Elf:3    | Noticed a deep elf blademaster
 36387 | Elf:3    | Killed a deep elf blademaster
 36414 | Elf:3    | Noticed a deep elf master archer
 36418 | Elf:3    | Killed a deep elf master archer
 36689 | Elf:3    | Noticed a deep elf master archer
 36691 | Elf:3    | Killed a deep elf master archer
 36804 | Elf:3    | Identified the +1 lajatang "Waguubok" {venom, rElec rF+
                  | MP+9}
 36926 | Elf:3    | Identified the +2 great sword of Puutzir {freeze, +Blink
                  | Will+}
 37350 | Elf:3    | Identified the Incunabulum of Virous Displacement
 37354 | Elf:3    | Identified the Disquisition on Shape Shifting
 37357 | Elf:3    | Identified the Tome of the Fetching Voyage
 37377 | Elf:3    | Reached skill level 20 in Fire Magic
 37421 | Elf:3    | Identified the Handbook of Feathery Stolen Souls
 37616 | Elf:3    | Identified Cabenwio's Grimoire of Combat Magic
 37955 | Elf:3    | Identified the +0 cloak of Disaster {rPois}
 38625 | Swamp:1  | Entered Level 1 of the Swamp
 39092 | Swamp:2  | Offered knowledge of Lehudib's Crystal Spear by Vehumet.
 39104 | Swamp:2  | Reached XP level 18. HP: 89/94 MP: 30/43
 39194 | Swamp:2  | Learned a level 2 spell: Sublimation of Blood
 39269 | Swamp:3  | Reached skill level 1 in Necromancy
 39343 | Swamp:4  | Entered Level 4 of the Swamp
 39382 | Swamp:3  | Acquired 1047 gold pieces
 39565 | Swamp:3  | HP: 2/94 [something (11)]
 39641 | Swamp:4  | Noticed Avack's ghost (adept MiFi)
 39747 | Swamp:4  | Reached skill level 5 in Necromancy
 39748 | Swamp:4  | Found a basalt altar of Yredelemnul.
 39915 | Swamp:4  | Found a blossoming altar of Fedhas.
 39938 | Swamp:4  | Got a decaying rune of Zot
 40063 | Snake:1  | Entered Level 1 of the Snake Pit
 40063 | Snake:1  | Found a transporter.
 40077 | Snake:1  | Found a radiant altar of Vehumet.
 40099 | Snake:1  | Reached skill level 21 in Fire Magic
 40297 | Snake:1  | Found a shimmering altar of Xom.
 40423 | Snake:2  | Noticed Vashnia
 40428 | Snake:2  | Shot with a bolt by a naga sharpshooter

Illustrated notes

Levels and vault maps discovered:
D:1:      eino_arrival_cavern_b, layout_rooms, serial_shops, shop,
          chequers_ecumenical_altar_grove
D:2:      layout_basic, minmay_stone_trees_small, minmay_shallow_snake_nest
D:3:      layout_basic
D:4:      layout_basic, nicolae_wu_jian_immortal_techniques,
          kennysheep_mini_moat
D:5:      layout_loops_corners, amcnicky_altar_gilded, temple_doors_ab,
          hangedman_glass_teeth
D:6:      layout_cave_pods, uniq_prince_ribbit1
D:7:      layout_loops_ring, lemuel_doored_altar,
          chequers_temple_overflow_statue_of_worship, okawaru_gym_becter,
          gammafunk_temple_overflow_forgotten
D:8:      cheibrodos_barr_body, layout_basic, lair_entry_dummy, uniq_maurice
D:9:      layout_basic, gammafunk_ghost_hydra_chop, grunt_ministairs_2,
          minmay_three_doors
D:10:     layout_roguey, kiku_gazebo_pond_becter, cheibrodos_ashenzari_chains,
          david_orc_5, serial_ice, serial_ice_b, serial_ice_k, serial_ice_d,
          serial_ice_o, serial_ice_g, serial_ice_c, blue_anna_alchemist
          [blue_anna_fruit_fields, blue_anna_fruit_fields]
D:11:     layout_roguey, minmay_shop_chei
D:12:     layout_basic, gammafunk_ghost_endoplasm, wad_floor_pattern_untrapped,
          cheibriados_altar_1, uniq_nergalle
D:13:     layout_long_grid, hangedman_stone_soup, grunt_gozag_breadcrumbs,
          uniq_erolcha, uniq_snorg
D:14:     layout_long_grid, grunt_vaults_entry_tiered, minmay_tree_intersection
D:15:     grunt_enter_depths_magical_seal, layout_loops_ring, xom_redecorated,
          special_room [special_room_bee], nicolae_qazlal_general_emergency,
          uniq_rupert
Temple:   dpeg_three_leaves_temple
Lair:1:   layout_loops_ring, grunt_megastairs_2
Lair:2:   layout_regular_city, guppyfry_snake_entry_garden,
          chequers_serial_rivers_micro_e
Lair:3:   layout_big_grid, minmay_swamp_entry_worms, basic_altar,
          patterned_corridor
Lair:4:   layout_layer_cave, lemuel_fruit_tree, grunt_megastairs_5,
          serial_bayou_shore_a
Lair:5:   layout_small_grid, dpeg_slime_entry_corner, uniq_josephine
Lair:6:   gammafunk_lair_ancient_temple, layout_regular_city,
          minmay_lair_drake_nest
Swamp:1:  layout_basic_swamp, infiniplex_staircase_pool_2, swamp_pool1
Swamp:2:  layout_falls_marsh, evilmike_swamp_ruin_house_1, swamp_pool1,
          nicolae_swamp_stuck_in_the_mud, infiniplex_staircase_pool
Swamp:3:  layout_basic_swamp, gammafunk_ghost_wrathful_warriors,
          evilmike_swamp_ruin_house_4
Swamp:4:  byrel_swamp_growth_death_and_undeath, layout_basic_swamp,
          gammafunk_ghost_arena
Snake:1:  gammafunk_sealed_library, layout_chambers, basic_altar,
          serial_bayou_shore_b, minmay_shop_star
Snake:2:  layout_onion, gammafunk_ghost_berserking_beasts, drop_trap,
          statue_in_the_mist_lemuel, nrook_loot_triangle, minmay_shoptagon,
          uniq_vashnia
Orc:1:    layout_caves, lightli_volcano_entry_magma_tube, uniq_sonja
Orc:2:    st_orc_rangers, layout_diamond_mine, serial_shops, shop,
          maelrawn_ghost_gauntlet_escape, nicolae_alphabet_shops
Elf:1:    eino_elf_arrival_customs, layout_gridlike, evilmike_minifort,
          lemuel_upstairs_altar
Elf:2:    layout_gridlike, minmay_misc_feat_ornament, grunt_megastairs_3
Elf:3:    grunt_elf_hall_branching, layout_loops_corners, serial_shops, shop,
          small_statue_intersection, minmay_elf_annihilation, uniq_louise

Skill      XL: |  1  2  3  4  5  6  7  8  9 10 11 12 13 14 15 16 17 18 |
---------------+-------------------------------------------------------+-----
Fire Magic     | 4 5 6 8 9 10 12 13 15 16 17 18 19 20 21 | 21.0
Conjurations   | 2 3 4 5 6 7 8 9 11 12 13 15 16 17 | 17.7
Spellcasting   | 4 5 6 7 9 10 11 13 14 15 16 18 19 20 | 20.8
Evocations     | 1 4 6 8 |  8.1
Dodging        | 3 5 7 8 9 10 12 | 12.0
Stealth        | 3 |  3.0
Fighting       | 1 2 3 4 |  4.0
Armour         | 3 4 |  4.0
Necromancy     | 6 |  6.0

Action                   |  1- 3 |  4- 6 |  7- 9 | 10-12 | 13-15 | 16-18 || total
-------------------------+-------+-------+-------+-------+-------+-------++-------
Melee: Dagger            |       |       |     8 |       |       |       ||     8
       Short sword       |       |       |     2 |     1 |       |       ||     3
       Long sword        |       |       |       |    20 |       |       ||    20
       Lajatang          |       |       |       |    15 |    20 |     3 ||    38
 Cast: Foxfire           |    56 |   171 |   223 |   158 |   226 |    35 ||   869
       Conjure Flame     |       |     2 |    12 |    15 |     5 |       ||    34
       Fireball          |       |       |    17 |   141 |   407 |   400 ||   965
       Sticky Flame      |       |       |    11 |    21 |    55 |     4 ||    91
       Shock             |       |       |       |     9 |     1 |       ||    10
       Searing Ray       |       |       |       |    18 |    15 |     1 ||    34
       Mephitic Cloud    |       |       |       |     1 |     1 |     1 ||     3
       Bolt of Magma     |       |       |       |       |    23 |    21 ||    44
       Iskenderun's Batt |       |       |       |       |    13 |    20 ||    33
       Orb of Destructio |       |       |       |       |    11 |    47 ||    58
       Magic Dart        |       |       |       |       |     3 |     5 ||     8
       Blink             |       |       |       |       |     2 |     7 ||     9
       Starburst         |       |       |       |       |       |    16 ||    16
       Sublimation of Bl |       |       |       |       |       |    32 ||    32
Evoke: Wand              |       |       |       |     6 |     6 |    11 ||    23
  Use: Scroll            |       |       |     2 |    15 |    16 |    13 ||    46
       Potion            |       |       |       |       |       |     4 ||     4
 Stab: Paralysed         |       |       |       |     3 |       |       ||     3
Armor: Robe              |       |     3 |     4 |    10 |     1 |       ||    18
       Troll leather arm |       |       |       |     9 |    29 |    33 ||    71
Dodge: Dodged            |     3 |     8 |    20 |    93 |   118 |    90 ||   332
       Repelled          |       |       |       |     2 |     4 |    12 ||    18
Block: Other             |       |       |       |    18 |    39 |    25 ||    82
       Reflection        |       |       |       |     3 |     5 |     7 ||    15
       Rpst.: Long sword |       |       |       |     5 |       |       ||     5

Table legend: (Time is in decaauts)
 A = Elapsed time spent in this place.
 B = Non-inter-level travel time spent in this place.
 C = Inter-level travel time spent in this place.
 D = Time resting spent in this place.
 E = Time spent auto-exploring this place.
 F = Levels seen in this place.
 G = Mean time per level.
                   A        B        C        D        E       F      G
               +--------+--------+--------+--------+--------+-----+--------+
         Total |  41806 |  39652 |   2154 |   1280 |  31799 |  34 | 1229.6 |
       Dungeon |  21781 |  20910 |    871 |    509 |  17848 |  15 | 1452.1 |
        Temple |     80 |     66 |     14 |      0 |     65 |   1 |   80.0 |
          Lair |   7999 |   7612 |    387 |     75 |   6714 |   6 | 1333.2 |
         Swamp |   1391 |   1293 |     98 |    106 |    161 |   4 |  347.8 |
     Snake Pit |    380 |    380 |      0 |      0 |    124 |   2 |  190.0 |
  Orcish Mines |   3278 |   2773 |    505 |     45 |   2180 |   2 | 1639.0 |
   Elven Halls |   6382 |   6106 |    276 |    369 |   4704 |   3 | 2127.3 |
       Volcano |    511 |    511 |      0 |    176 |      0 |   1 |  511.0 |
               +--------+--------+--------+--------+--------+-----+--------+

Top non-repeatable levels by time:
   Elf:3: 2556 daAuts
    D:10: 2274 daAuts
   Orc:2: 2230 daAuts
  Lair:6: 2160 daAuts
   Elf:2: 2136 daAuts
     D:9: 1815 daAuts
    D:14: 1770 daAuts
   Elf:1: 1688 daAuts
     D:8: 1598 daAuts
     D:7: 1591 daAuts
     D:6: 1548 daAuts
     D:5: 1537 daAuts
    D:15: 1521 daAuts
  Lair:4: 1450 daAuts
    D:12: 1374 daAuts
